Unix NetHack Version 5.0.0-0 post-release - last build May  4 2026 22:22:43 (774f63e81ad911689b3a0859ea89b322d5daca8d,branch:main).

Game began 2026-05-06 04:44:52, ended 2026-05-06 04:58:42.

2462064111, lawful female human Monk

                                                             ----..
                                                       ---   |...<-
                                                 |.|..--..----.----
                                                 -.).%[).......|
                                                 .%*.......-----
                                                 .------....
                                                         ...
                                                         -.--
                                                         |..-
                                                         -..`
                                                         ....
                                                         ..@.
                                                         .^).
                                                         -)..
                                                         --.

2462064111 the Candidate        St:18/01 Dx:15 Co:11 In:8 Wi:11 Ch:11  Lawful
Dlvl:4  $:31 HP:0(21) Pw:9(9) AC:4  Xp:2 T:356 

Latest messages:
 You fall down the stairs.
 You swap places with the peaceful hobbit.
 A dagger misses you.
 A dagger misses you.
 You see here 2 daggers.
 You see here a white gem.
 You miss the gnome lord.
 The gnome lord thrusts one of his daggers.
 The gnome lord hits!
 You hit the gnome lord!
 The gnome lord thrusts one of his daggers.
 The gnome lord hits!
 You kill the gnome lord!
 Welcome to experience level 2.
 What do you want to drop? [$abe-km or ?*] b
 You cannot drop something you are wearing.
 You see here 2 daggers.
 You swap places with the peaceful hobbit.
 The gnome hits!
 You are almost hit by a dagger.
 What do you want to drop? [$abe-km or ?*] b
 You cannot drop something you are wearing.
 What do you want to drop? [$abe-km or ?*] d
 You don't have that object.
 What do you want to drop? [$abe-km or ?*] <enter>
 Never mind.
 What do you want to drop? [$abe-km or ?*] k
 You drop a studded leather armor.
 Your movements are now unencumbered.
 It is hit.
 You see here a dagger.
 You see here a dagger.
 You see here a studded leather armor.
 The gnome thrusts her dagger.
 The gnome hits!
 You kill the gnome!
 A board beneath you squeaks a G note loudly.
 You are hit by a crossbow bolt.
 You hear the wailing of the Banshee...
 You are almost hit by a crossbow bolt.
 You see here a towel.
 Really step onto that squeaky board? [yn] (n) n
 A crossbow bolt misses you.
 You are hit by a crossbow bolt.
 You die...
 Do you want your possessions identified? [ynq] (y) n
 Do you want to see your attributes? [ynq] (y) n
 Do you want an account of creatures vanquished? [ynaq] (y) n
 Do you want to see your conduct and achievements? [ynq] (y) n
 Do you want to see the dungeon overview? [ynq] (y) n

Inventory:
 Coins    ('$')
  $ - 31 gold pieces
 Armor    ('[')
  a - an uncursed +2 pair of leather gloves (being worn)
  b - an uncursed +1 robe (being worn)
  j - a cursed -2 scale mail
  m - an uncursed +0 studded leather armor
 Comestibles  ('%')
  f - 5 uncursed apples
  e - 3 uncursed food rations
  h - 3 uncursed fortune cookies
  g - 5 uncursed oranges
 Spellbooks  ('+')
  i - a blessed spellbook of protection

2462064111 the Monk's attributes:

Background:
 You were a Candidate, a level 2 female human Monk.
 You were lawful, on a mission for Shan Lai Ching
 who was opposed by Chih Sung-tzu (neutral) and Huan Ti (chaotic).
 You were right-handed.
 You were in the Gnomish Mines, on level 4.
 You entered the dungeon 356 turns ago.
 It was nighttime.
 You had 38 experience points, 2 more were needed to attain level 3.

Basics:
 You had 0 out of 21 hit points.
 You had all 9 energy points (spell power).
 Your armor class was 4.
 Your wallet contained 31 zorkmids.
 Autopickup was off.

Final Characteristics:
 Your strength was 18/01 (limit:18/100).
 Your dexterity was 15 (limit:18).
 Your constitution was 11 (limit:18).
 Your intelligence was 8 (limit:18).
 Your wisdom was 11 (limit:18).
 Your charisma was 11 (limit:18).

Final Status:
 You weren't hungry.
 You were unencumbered.
 You were empty handed.
 You had basic skill with martial arts.

Final Attributes:
 You were fervently aligned.
 You were sleep resistant.
 You saw invisible.
 You were guarded.
 Your spell casting was enhanced by wearing a robe.
 You were fast.
 You are dead.

Miscellaneous:
 You didn't encounter any bones levels.
 Total elapsed playing time was 13 minutes and 44 seconds.

Major events:
 Turn
    1: 2462064111 the lawful female human Monk entered the dungeon
  288: entered the Gnomish Mines
  356: killed by a crossbow bolt

Spells:
 Name                 Level Category     Fail Retention
 protection             1   clerical       0%  76%-100%

Skills:
 Fighting Skills
   martial arts       [Basic]
 Weapon Skills
   quarterstaff       [Unskilled]
   spear              [Unskilled]
   crossbow           [Unskilled]
   shuriken           [Unskilled]
 Spellcasting Skills
   attack spells      [Unskilled]
   healing spells     [Basic]
   divination spells  [Unskilled]
   enchantment spells [Unskilled]
   clerical spells    [Unskilled]
   escape spells      [Unskilled]
   matter spells      [Unskilled]

Voluntary challenges:
 Character rerolling was not enabled.
 You went without food.
 You were an atheist.
 You never hit with a wielded weapon.
 You were illiterate.
 You never genocided any monsters.
 You never polymorphed an object.
 You never changed form.
 You used no wishes.
Achievement:
 You entered the Gnomish Mines.

 The Dungeons of Doom: levels 1 to 3
    Level 1:
    Level 2:
       A fountain.
    Level 3:
       Stairs down to The Gnomish Mines.
 The Gnomish Mines:
    Level 4: <- You were here.
       Final resting place for
          you, killed by a crossbow bolt.


Vanquished creatures:
  a shrieker
  a gnome leader
  a gnome
  2 jackals
  a fox
  a bat
  a lichen
8 creatures vanquished.

No species were genocided or became extinct.

Game over:
                       ----------
                      /          \
                     /    REST    \
                    /      IN      \
                   /     PEACE      \
                  /                  \
                  |    2462064111    |
                  |      31 Au       |
                  |   killed by a    |
                  |  crossbow bolt   |
                  |                  |
                  |                  |
                  |       2026       |
                 *|     *  *  *      | *
        _________)/\\_//(\/(/\)/\//\/|_)_______

Goodbye 2462064111 the Monk...

You died in The Gnomish Mines on dungeon level 4 with 330 points,
and 31 pieces of gold, after 356 moves.
You were level 2 with a maximum of 21 hit points when you died.

